 Dungeon Sprint DCSS version 0.27.1-33-g824d729ab1 (webtiles) character file.

Game seed: 18035676635120417643

2307 Hipnos the Imperceptible (level 9, 0/47 HPs)
             Began as a Spriggan Brigand on Nov 26, 2021.
             Was a Believer of Trog.
             Slain by a demonic crawler (5 damage)
             ... in the Dungeon (Sprint I: "Red Sonja").
             The game lasted 00:04:47 (709 turns).

Hipnos the Imperceptible (Spriggan Brigand)          Turns: 709, Time: 00:04:48

Health: 0/47       AC:  5    Str:  4    XL:     9   Next: 18%
Magic:  10/10      EV: 20    Int: 16    God:    Trog [**....]
Gold:   348        SH:  0    Dex: 25    Spells: 8/8 levels left

rFire    + . .     SeeInvis +   n - +2 short sword (venom)
rCold    + . .     Faith    .   (shield restricted)
rNeg     + . .     Spirit   .   j - +2 robe {rN+}
rPois    +         Reflect  .   (helmet restricted)
rElec    .         Harm     .   c - +0 cloak
rCorr    .         Rampage  .   (gloves unavailable)
Will     +....     NoTele   +   (boots unavailable)
Stlth    +++++++++.             (no amulet)
HPRegen  0.15/turn              l - +6 ring of dexterity
MPRegen  0.12/turn              p - ring of Juut {rPois rF+ rC+ Str-3 Int+3}

@: very quick
A: very small, no large weapons, unfitting armour, see invisible, speed 3
a: Renounce Religion, Berserk, Trog's Hand


You were in the Dungeon.
You worshipped Trog.
Trog was pleased with you.
You visited 1 branch You collected 823 gold pieces.
You spent 475 gold pieces at shops.

Inventory:

Hand Weapons
 a - a +2 dagger
 n - a +2 short sword of venom (weapon)
Missiles
 d - 6 poisoned darts (quivered)
 e - 2 curare-tipped darts
Armour
 b - a +0 robe
 c - a +0 cloak (worn)
 j - a +2 robe of positive energy (worn)
Jewellery
 l - a +6 ring of dexterity (left hand)
 p - the ring of Juut (right hand) {rPois rF+ rC+ Str-3 Int+3}
   (You bought it in a shop in the Dungeon)

   [ring of protection from fire]

   Str:       It affects your strength (-3).
   Int:       It affects your intelligence (+3).
   rF:        It protects you from fire.
   rC:        It protects you from cold.
   rPois:     It protects you from poison.
Scrolls
 m - a scroll of identify {unknown}
 o - a scroll of enchant weapon {unknown}
Potions
 f - 3 potions of curing
 g - 2 potions of heal wounds
 h - a potion of haste
 i - 2 potions of magic


   Skills:
 + Level 5.0 Fighting
 + Level 6.5 Short Blades
 * Level 8.0 Throwing
 + Level 3.7 Dodging
 * Level 23.9 Stealth


You had 8 spell levels left.
You didn't know any spells.
Your spell library was empty.

Dungeon Overview and Level Annotations

Branches:
Dungeon (1/1)

Altars:
Cheibriados
Dithmenos
Elyvilon
Fedhas
Gozag
Hepliaklqana
Kikubaaqudgha
Makhleb
Nemelex Xobeh
Okawaru
Qazlal
Ru
Sif Muna
Trog
Uskayaw
Vehumet
Wu Jian
Xom
Yredelemnul
Zin
The Shining One
Jiyva
Lugonu

Shops:
D =?[


Innate Abilities, Weirdness & Mutations

You are very small and have problems with some larger weapons.
You are too small for most types of armour.
You have supernaturally acute eyesight. (SInv)
You cover ground extremely quickly. (Speed+++)


Message History

There is an entrance to Xusem's Magic Scroll Emporium here.
Throw: 7 darts (poison)
Press: ? - help, Q - select action, (/) - cycle Shift-Dir - straight line, f/p - demonic crawler
Aim: a demonic crawler (81% to hit)
You throw a poisoned dart.
The poisoned dart hits the demonic crawler.
The demonic crawler gives a hideous shriek!
Press: ? - help, v - describe, . - travel
Here: a demonic crawler The floor.
There are monsters nearby!
Press: ? - help, v - describe, . - travel
Here: a demonic crawler The floor.
There is an ancient bone altar of Kikubaaqudgha here.
There is a glowing golden altar of the Shining One here.
There is an ancient bone altar of Kikubaaqudgha here.
The demonic crawler misses you.
The demonic crawler completely misses you.
The demonic crawler hits you.
There is a basalt altar of Yredelemnul, spattered with blood here.
There is a shadowy altar of Dithmenos here.
The demonic crawler hits you! The demonic crawler hits you.
The demonic crawler hits you!
* * * LOW HITPOINT WARNING * * *
The demonic crawler completely misses you.
The demonic crawler barely misses you. The demonic crawler closely misses you.
The demonic crawler misses you. The demonic crawler barely misses you.
The demonic crawler hits you.
* * * LOW HITPOINT WARNING * * *
There is a bloodstained altar of Trog here.
The demonic crawler hits you but does no damage.
The demonic crawler misses you.
The demonic crawler hits you but does no damage.
There is a blossoming altar of Fedhas here.
Blink to where?
Press: ? - help, Dir - move target, p - demonic crawler
As you read the scroll of blinking, it crumbles to dust.
The demonic crawler hits you.
You die...

##########################
#<.#.)'..#.)'..#__#..).(.#
#..)..#..'..#..s..sss#...##+
#..#####'#####'#__####..ss..
#..####..#...#.#### #####..
#..#__####..##[# +#
#..#___s_##'#_.+
#⌠⌠#_.∩ss(s@.._#
####_..__##_.#'#
#_____###'#.# ###
############.####+###.##
#∩........'...'..[..'(∩#
###++++####.÷.##########
###.### #.#'#.# #.....#


You could see 4 demonic crawlers.

Vanquished Creatures
  Sonja (D)
  A deep troll (D)
  2 kobold demonologists (D)
  A slime creature (D)
  Sigmund (D)
  A yak (D)
  A floating eye (D)
  An ogre (D)
  A jelly (D)
  Ijyb (D)
11 creatures vanquished.

Vanquished Creatures (others)
  A gargoyle (D)
  2 ballistomycete spores (D)
3 creatures vanquished.

Grand Total: 14 creatures vanquished

Notes
Turn   | Place    | Note
-------+----------+-------------------------------------------
     0 | D        | Hipnos the Spriggan Brigand began the quest for the Orb.
     0 | D        | Reached XP level 1. HP: 10/10 MP: 2/2
     1 | D        | Noticed Ijyb
    14 | D        | Killed Ijyb
    15 | D        | Reached skill level 9 in Stealth
    15 | D        | Reached XP level 2. HP: 9/15 MP: 3/3
   255 | D        | Killed a gargoyle
   274 | D        | Noticed an ogre
   283 | D        | Killed an ogre
   284 | D        | Reached skill level 12 in Stealth
   284 | D        | Reached XP level 3. HP: 19/19 MP: 4/4
   284 | D        | Reached XP level 4. HP: 23/23 MP: 5/5
   303 | D        | Noticed Sigmund
   306 | D        | Killed Sigmund
   307 | D        | Reached skill level 15 in Stealth
   307 | D        | Reached XP level 5. HP: 28/28 MP: 6/6
   329 | D        | Found an ornate altar of the Wu Jian Council.
   329 | D        | Found a shimmering blue altar of Sif Muna.
   331 | D        | Found a radiant altar of Vehumet.
   338 | D        | Reached skill level 5 in Throwing
   338 | D        | Reached skill level 16 in Stealth
   338 | D        | Reached XP level 6. HP: 32/32 MP: 7/7
   340 | D        | Found Xusem's Magic Scroll Emporium.
   340 | D        | Found an ancient bone altar of Kikubaaqudgha.
   340 | D        | Found a hazy altar of Hepliaklqana.
   340 | D        | Found a stormy altar of Qazlal.
   340 | D        | Found a hide-covered altar of Uskayaw.
   340 | D        | Found a blossoming altar of Fedhas.
   340 | D        | Found a bloodstained altar of Trog.
   340 | D        | Found an iron altar of Okawaru.
   340 | D        | Found a basalt altar of Yredelemnul.
   340 | D        | Found a glowing golden altar of the Shining One.
   340 | D        | Found a snail-covered altar of Cheibriados.
   340 | D        | Found a sacrificial altar of Ru.
   340 | D        | Found a glowing silver altar of Zin.
   340 | D        | Found a shadowy altar of Dithmenos.
   340 | D        | Found a white marble altar of Elyvilon.
   340 | D        | Noticed a yak
   341 | D        | Found an opulent altar of Gozag.
   342 | D        | Killed a yak
   343 | D        | Reached skill level 17 in Stealth
   343 | D        | Found a sparkling altar of Nemelex Xobeh.
   347 | D        | Became a worshipper of Trog the Wrathful
   382 | D        | Found a burning altar of Makhleb.
   382 | D        | Found a viscous altar of Jiyva.
   382 | D        | Found a shimmering altar of Xom.
   382 | D        | Found a corrupted altar of Lugonu.
   382 | D        | Noticed a slime creature
   385 | D        | Killed a slime creature
   386 | D        | Reached skill level 5 in Short Blades
   386 | D        | Reached skill level 19 in Stealth
   386 | D        | Reached XP level 7. HP: 37/37 MP: 8/8
   421 | D        | Noticed Sonja
   425 | D        | Killed Sonja
   425 | D        | Reached * piety under Trog
   426 | D        | Reached skill level 21 in Stealth
   426 | D        | Reached XP level 8. HP: 42/42 MP: 9/9
   451 | D        | Identified the +1 scale mail "Xomn" {rC+}
   529 | D        | Found Saruzop's Jewellery Boutique.
   537 | D        | Bought the ring of Juut {rPois rF+ rC+ Str-3 Int+3} for 475
                  | gold pieces
   550 | D        | Noticed a deep troll
   554 | D        | Killed a deep troll
   555 | D        | Reached skill level 22 in Stealth
   566 | D        | Found Cydoa's Armour Emporium.
   597 | D        | Noticed a kobold demonologist
   597 | D        | Noticed a kobold demonologist
   601 | D        | Reached skill level 23 in Stealth
   609 | D        | Killed a kobold demonologist
   609 | D        | Reached ** piety under Trog
   610 | D        | Reached XP level 9. HP: 46/46 MP: 10/10
   620 | D        | Killed a kobold demonologist
   621 | D        | Reached skill level 5 in Fighting
   673 | D        | Noticed a demonic crawler
   673 | D        | Noticed a demonic crawler
   673 | D        | Noticed a demonic crawler
   673 | D        | Noticed a demonic crawler
   709 | D        | Slain by a demonic crawler

Illustrated notes

Levels and vault maps discovered:
D:        dungeon_sprint_1 [red_sonja_temple_1, red_sonja_temple_small_1]

Skill      XL: |  1  2  3  4  5  6  7  8  9 |
---------------+----------------------------+-----
Fighting       | 2 3 4 5 |  5.0
Stealth        | 9 12 15 16 19 21 23 | 23.9
Short Blades   | 3 4 5 6 |  6.5
Throwing       | 3 4 5 6 7 8 |  8.0
Dodging        | 2 3 |  3.7

Action                   |  1- 3 |  4- 6 |  7- 9 || total
-------------------------+-------+-------+-------++-------
Melee: Dagger            |    10 |     4 |     1 ||    15
       Short sword       |       |       |    18 ||    18
Throw: Dart              |     5 |       |     8 ||    13
  Use: Potion            |     1 |       |       ||     1
       Scroll            |       |       |     1 ||     1
 Stab: Sleeping          |       |     4 |     2 ||     6
Armor: Robe              |     1 |       |    14 ||    15
Dodge: Dodged            |     3 |       |    40 ||    43
